 Dungeon Crawl Stone Soup version 0.31-a0-233-g139696dc86 (webtiles) character file.

Game seed: 8018283507109767291

8351 Morbidden the Destroyer (level 11, -5/89 HPs)
             Began as a Pale Draconian Conjurer on July 8, 2023.
             Was a Priest of Cheibriados.
             Succumbed to their own poison gas
             ... on level 1 of the Lair of Beasts.
             The game lasted 00:13:33 (10284 turns).

Morbidden the Destroyer (Pale Draconian Conjurer)  Turns: 10284, Time: 00:13:34

Health: -5/89      AC: 14    Str: 22    XL:     11   Next: 8%
Magic:  2/23       EV: 14    Int: 30    God:    Cheibriados [***...]
Gold:   149        SH:  0    Dex: 17    Spells: 14/26 levels left

rFire   . .          .
                       - Unarmed
rCold   . . .        (no shield)
rNeg    . . .        (body armour unavailable)
rPois   .            (helmet restricted)
rElec   .            D - +0 cloak
rCorr   .            C - +1 pair of gloves "Fercheex" {Slay+3}
SInv    .            (no boots)
Will    .....        B - amulet of magic regeneration
Stlth   ++           c - +4 ring of protection
HPRegen 0.34/turn    u - +6 ring of strength
MPRegen 0.58/turn

%: no passive effects
@: lethally poisoned (-5 -> -33), very slightly contaminated, very slow
A: breathe steam, AC +7, unfitting armour, cold-blooded, steam resistance
a: Breathe Steam, Renounce Religion, Bend Time, Temporal Distortion


You were on level 1 of the Lair of Beasts.
You worshipped Cheibriados.
Cheibriados was most pleased with you.
You visited 3 branches of the dungeon, and saw 11 of its levels.

You collected 556 gold pieces.
You spent 407 gold pieces at shops.

Inventory:

Hand Weapons
 a - a +4 short sword
 r - a +2 mace of holy wrath
Missiles
 k - 18 poisoned darts (quivered)
 s - a silver boomerang
 z - 3 boomerangs
Armour
 y - a +0 kite shield
 C - the +1 pair of gloves "Fercheex" (worn) {Slay+3}
   (You bought it in a shop on level 5 of the Dungeon)

   Slay:      It affects your accuracy & damage with ranged weapons and melee
   (+3).
 D - a +0 cloak (worn)
Jewellery
 c - a +4 ring of protection (left hand)
 p - a ring of ice
 u - a +6 ring of strength (right hand)
 B - an amulet of magic regeneration (around neck)
Wands
 F - a wand of quicksilver (7)
 H - a wand of mindburst (7)
Scrolls
 b - a scroll of poison
 d - 2 scrolls of teleportation {unknown}
 f - 2 scrolls of brand weapon {unknown}
 h - 2 scrolls of revelation
 l - a scroll of noise {unknown}
 m - a scroll of silence {unknown}
 n - 5 scrolls of identify
 o - 2 scrolls of enchant weapon {unknown}
 q - a scroll of amnesia {unknown}
 v - 2 scrolls of immolation
 w - 2 scrolls of vulnerability {unknown}
 E - 2 scrolls of fog {unknown}
 G - a scroll of enchant armour {unknown}
 I - a scroll of acquirement {unknown}
Potions
 e - 2 potions of heal wounds {unknown}
 g - a potion of might
 i - a potion of cancellation {unknown}
 j - 2 potions of enlightenment {unknown}
 t - a potion of degeneration {unknown}
 x - a potion of brilliance {unknown}
 A - a potion of mutation {unknown}


   Skills:
 * Level 5.7 Fighting
 + Level 2.1 Short Blades
 + Level 1.1 Throwing
 * Level 4.7 Dodging
 + Level 3.2 Stealth
 * Level 4.5 Unarmed Combat
 * Level 8.0 Spellcasting
 * Level 9.5 Conjurations
 * Level 4.9 Translocations
 * Level 3.2 Transmutations
 * Level 4.0 Invocations
 * Level 2.8 Evocations


You had 14 spell levels left.
You knew the following spells:

 Your Spells              Type           Power      Damage    Failure   Level
a - Magic Dart            Conj           100%       1d8       1%          1
b - Searing Ray           Conj           100%       2d8       1%          2
c - Blade Hands           Tmut           15%        N/A       30%         5
z - Iskenderun's Mystic   Conj/Tloc      53%        2d11      2%          4

Your spell library contained the following spells:

 Spells                   Type           Power      Damage    Failure   Level
 Dazzling Flash           Conj/Hex       80%        N/A       1%          3
 Portal Projectile        Hex/Tloc       52%        N/A       4%          3
 Fulminant Prism          Conj/Hex       20%        3d12      6%          4
 Tukima's Dance           Hex            12%        N/A       13%         3


Dungeon Overview and Level Annotations

Branches:
Dungeon (9/15)             Temple (1/1) D:5            Lair (1/5) D:9
    Orc: D:9-12

Altars:
Ashenzari
Cheibriados
Elyvilon
Fedhas
Gozag
Hepliaklqana
Makhleb
Nemelex Xobeh
Qazlal
Ru
Sif Muna
Trog
Yredelemnul
Zin
The Shining One

Shops:
D:5 ([   D:7 (

Annotations:
D:5 1 runed translucent door, hitsuchi's ghost, novice MeEE
D:9 3 runed translucent doors, EiAlmux's ghost, novice DECj; Scrael's ghost, novice DsGl


Innate Abilities, Weirdness & Mutations

You can breathe blasts of scalding, opaque steam.
Your pale cyan-grey scales are hard. (AC +7)
You cannot fit into any form of body armour.
You are cold-blooded and may be slowed by cold attacks.
You are immune to the effects of steam.


Message History

The elephant is almost dead.
You feel sick.
The elephant is engulfed in poison gas.
The elephant looks even sicker.
Unknown command.
Unknown command.
Unknown command.
Unknown command.
Casting: Iskenderun's Mystic Blast (dangerous; 2% risk of failure)
Confirm with . or Enter, or press ? or * to list all spells.
You miscast Iskenderun's Mystic Blast.
Nothing appears to happen.
You feel sick.
The elephant is engulfed in poison gas.
The elephant looks even sicker.
The elephant tramples you!
You stumble backwards!
Unknown command.
Unknown command.
Unknown command.
Unknown command.
Okay, then.
Okay, then.
Okay, then.
As you read the scroll labelled LELAAH CUNGEPN, it crumbles to dust.
The creatures around you are filled with an inner flame!
It was a scroll of immolation.
You are engulfed in poison gas.
You are more poisoned.
You feel very sick.
Flame seeps out of the elephant.
The elephant tramples you!
* * * LOW HITPOINT WARNING * * *
You stumble backwards!
The elephant is engulfed in blazing flames.
Flame seeps out of the elephant.
Unknown command.
Unknown command.
The elephant attacks as you move away! The elephant tramples you!
* * * LOW HITPOINT WARNING * * *
The elephant trunk-slaps you but does no damage.
The elephant attacks as you move away!
The elephant tramples you but does no damage.
The elephant closely misses you.
You are engulfed in poison gas.
You are more poisoned.
* * * LOW HITPOINT WARNING * * *
You die...

### ######.######
#.......##..#########
##......#.......#####
#......#.###...#####
#....§........§##### #*###
##.....§☼.###.☼§##### .##.#
#.....§☼#§###§☼§#####
....###.....§§§§@§Y§§§§####
............§§§☼☼§Y○§☼☼####
............§§§§§§§Y§☼§####
...........>§§§§###..§#####
.#P.###.....#§§.##.§.§§####
#...####...#☼....##§§§§####
.....†..............§☼§####
.....#.........(...(§§#####
....###.........###.#######


You could see 3 elephants.

Vanquished Creatures
  A slime creature (D:9)
  A boulder beetle (D:8)
  Joseph (D:8)
  An elephant (Lair:1)
  A cane toad (Lair:1)
  A komodo dragon (D:9)
  A troll (D:9)
  A hornet (D:9)
  3 blink frogs (Lair:1)
  Sigmund (D:2)
  A wyvern (D:8)
  A yak (D:9)
  A steam dragon (D:8)
  An acid dragon (D:8)
  8 water moccasins
  2 sky beasts (D:7)
  4 black bears
  A hornet zombie (D:6)
  An ice beast (D:7)
  4 centaurs
  2 phantoms
  A kobold brigand (D:4)
  3 bullfrogs
  A gnoll sergeant (D:7)
  2 scorpions
  9 wights (D:9)
  7 killer bees (D:9)
  A howler monkey (D:6)
  A bullfrog zombie (D:6)
  A crimson imp (D:3)
  3 hounds
  Crazy Yiuf (D:7)
  A jelly (D:5)
  A gnoll bouda (D:5)
  4 orc priests
  4 iguanas
  A sleepcap (D:8)
  7 orc wizards
  Robin (D:2)
  14 gnolls
  3 adders
  A shadow imp (D:6)
  4 dart slugs
  9 orcs
  12 endoplasms
  3 giant cockroaches
  13 goblins
  6 hobgoblins
  7 jackals
  3 quokkas
  4 ball pythons
  10 bats
  6 frilled lizards
  A hobgoblin zombie (D:3)
  5 kobolds
  A kobold skeleton (D:3)
  2 kobold zombies (D:3)
  2 orc skeletons (D:3)
  An orc zombie (D:3)
  7 rats
201 creatures vanquished.

Notes
Turn   | Place    | Note
-------+----------+-------------------------------------------
     0 | D:1      | Morbidden the Draconian Conjurer began the quest for the
                  | Orb.
     0 | D:1      | Reached XP level 1. HP: 14/14 MP: 3/3
   495 | D:1      | Reached XP level 2. HP: 20/20 MP: 1/5
   685 | D:1      | Learned a level 2 spell: Searing Ray
  1147 | D:1      | Reached XP level 3. HP: 27/27 MP: 0/6
  1496 | D:2      | Reached skill level 1 in Unarmed Combat
  1765 | D:2      | Noticed Robin
  1956 | D:2      | Noticed Sigmund
  1962 | D:2      | Reached XP level 4. HP: 26/34 MP: 0/7
  1966 | D:2      | Killed Sigmund
  1967 | D:2      | Reached skill level 1 in Fighting
  1967 | D:2      | Reached skill level 5 in Conjurations
  1967 | D:2      | Reached XP level 5. HP: 20/40 MP: 3/9
  2166 | D:2      | Killed Robin
  2940 | D:3      | Reached XP level 6. HP: 47/47 MP: 3/11
  3094 | D:3      | Learned a level 4 spell: Iskenderun's Mystic Blast
  3169 | D:3      | Found a glowing golden altar of the Shining One.
  3461 | D:3      | Identified the +1 robe "Cutt" {rPois Will- rCorr Stlth+}
  3606 | D:3      | Found a burning altar of Makhleb.
  4354 | D:4      | Reached skill level 6 in Conjurations
  4354 | D:4      | Reached skill level 1 in Translocations
  4354 | D:4      | Your scales start taking on a pale cyan-grey colour.
  4354 | D:4      | Reached XP level 7. HP: 45/55 MP: 3/13
  4354 | D:4      | Gained mutation: You are immune to the effects of steam.
                  | [Pale Draconian growth]
  4751 | D:5      | Entered Level 5 of the Dungeon
  4770 | D:5      | Reached skill level 1 in Short Blades
  5088 | D:5      | Found a white marble altar of Elyvilon.
  5088 | D:5      | Found a faded altar of an unknown god.
  5096 | D:5      | Found a broken altar of Ashenzari.
  5098 | D:5      | Found a faded altar of an unknown god.
  5100 | D:5      | Found a stormy altar of Qazlal.
  5374 | D:5      | Found a runed translucent door.
  5374 | D:5      | Noticed hitsuchi's ghost (novice MeEE)
  5469 | D:5      | Reached skill level 5 in Spellcasting
  5469 | D:5      | Reached XP level 8. HP: 62/62 MP: 10/15
  5505 | D:5      | Found a staircase to the Ecumenical Temple.
  5533 | Temple   | Entered the Ecumenical Temple
  5667 | Temple   | Became a worshipper of Cheibriados the Contemplative
  5804 | D:5      | Found Luroiqi's Antique Weapon Shop.
  5860 | D:5      | Found Hagijeo's Armour Boutique.
  6076 | D:6      | Reached skill level 7 in Conjurations
  6079 | D:6      | Reached skill level 1 in Invocations
  6393 | D:6      | Found a basalt altar of Yredelemnul.
  6808 | D:7      | Found Betamoll's Antique Weapon Boutique.
  6962 | D:7      | Reached XP level 9. HP: 56/70 MP: 9/18
  6964 | D:7      | Reached * piety under Cheibriados
  7392 | D:7      | Learned a level 5 spell: Blade Hands
  7691 | D:7      | Found a runed translucent door.
  7748 | D:5      | Bought the +1 pair of gloves "Fercheex" {Slay+3} for 407
                  | gold pieces
  7929 | D:7      | Noticed Crazy Yiuf
  7934 | D:7      | Killed Crazy Yiuf
  8147 | D:8      | Noticed Joseph
  8195 | D:8      | HP: 3/70 [Joseph/+0 quarterstaff (14)]
  8199 | D:8      | Killed Joseph
  8200 | D:8      | Reached skill level 1 in Transmutations
  8457 | D:8      | Reached skill level 8 in Conjurations
  8642 | D:8      | Noticed a boulder beetle
  8664 | D:8      | Killed a boulder beetle
  8932 | D:8      | Reached XP level 10. HP: 80/80 MP: 13/20
  9151 | D:9      | Reached ** piety under Cheibriados
  9326 | D:9      | Reached skill level 1 in Throwing
  9340 | D:9      | Reached skill level 1 in Evocations
  9455 | D:9      | Found a staircase to the Lair.
  9470 | D:9      | Reached skill level 5 in Fighting
  9488 | D:9      | Reached skill level 9 in Conjurations
  9508 | D:9      | Reached *** piety under Cheibriados
  9775 | D:9      | Found a runed translucent gate.
  9775 | D:9      | Found a runed translucent gate.
  9775 | D:9      | Found a runed translucent gate.
  9781 | D:9      | Noticed EiAlmux's ghost (novice DECj)
  9781 | D:9      | Noticed Scrael's ghost (novice DsGl)
  9933 | D:9      | Killed an enormous slime creature
 10163 | Lair:1   | Entered Level 1 of the Lair of Beasts
 10201 | Lair:1   | Reached XP level 11. HP: 87/89 MP: 9/23
 10284 | Lair:1   | HP: 3/89 [cloud of poison gas (4)]
 10284 | Lair:1   | Succumbed to their own poison gas

Illustrated notes

Levels and vault maps discovered:
D:1:      lordsloth_arrival_two_stooges, layout_basic, minivault_24,
          amcnicky_mini_pool_small
D:2:      layout_loops_ring, serial_glass, glass_columns_a, glass_columns_b,
          uniq_robin, uniq_sigmund
D:3:      layout_basic, mainiacjoe_overflow_six_doors_small,
          nicolae_tso_besieged_by_evil
D:4:      layout_loops_cross
D:5:      layout_loops_ring, chequers_temple_overflow_minitemple,
          minmay_temple_entry_trees, gammafunk_ghost_grave, serial_shops, shop,
          kennysheep_mini_moat, dk_noncrumbling_4,
          nicolae_houndstooth_variations
D:6:      layout_rooms, lemuel_zombie_altar_yredelemnul
D:7:      layout_loops_corners, serial_shops, shop, uniq_crazy_yiuf_cottage
D:8:      layout_cave_pools, uniq_joseph
D:9:      layout_roguey, due_lair_maze_entry_diamond, gammafunk_ghost_cemetery
Temple:   nicolae_temple_slightly_damp_pantheon
Lair:1:   layout_gridlike

Skill      XL: |  1  2  3  4  5  6  7  8  9 10 11 |
---------------+----------------------------------+-----
Unarmed Combat | 1 2 3 4 |  4.5
Fighting       | 1 2 3 4 5 |  5.7
Dodging        | 2 3 4 |  4.7
Stealth        | 2 3 |  3.2
Spellcasting   | 3 4 5 6 7 8 |  8.0
Conjurations   | 5 6 7 8 9 |  9.5
Translocations | 1 2 4 |  4.9
Short Blades   | 1 2 |  2.1
Invocations    | 1 3 4 |  4.0
Transmutations | 1 3 |  3.2
Throwing       | 1 |  1.1
Evocations     | 2 |  2.8

Action                     |  1- 3 |  4- 6 |  7- 9 | 10-12 || total
---------------------------+-------+-------+-------+-------++-------
  Melee: Unarmed           |    43 |       |    26 |    13 ||    82
         Tailslap          |     2 |     1 |     6 |     2 ||    11
         Short sword       |       |     6 |       |       ||     6
  Throw: Dart              |       |       |     8 |     4 ||    12
   Cast: Magic Dart        |    80 |    87 |    54 |    14 ||   235
         Searing Ray       |     1 |     8 |    41 |    24 ||    74
         Iskenderun's Myst |       |       |    15 |    41 ||    56
Ability: Breathe Steam     |       |       |    15 |     5 ||    20
  Evoke: Wand              |       |       |       |     5 ||     5
    Use: Potion            |       |     1 |     6 |       ||     7
         Scroll            |       |       |     2 |     3 ||     5
 Armour: Skin              |    19 |    15 |    46 |    20 ||   100
  Dodge: Dodged            |    39 |    27 |    75 |    33 ||   174

Table legend: (Time is in decaauts)
 A = Elapsed time spent in this place.
 B = Non-inter-level travel time spent in this place.
 C = Inter-level travel time spent in this place.
 D = Time resting spent in this place.
 E = Time spent auto-exploring this place.
 F = Levels seen in this place.
 G = Mean time per level.
                   A        B        C        D        E       F      G
               +--------+--------+--------+--------+--------+-----+--------+
         Total |  11332 |  10781 |    551 |    680 |   8823 |  11 | 1030.2 |
       Dungeon |  11023 |  10496 |    527 |    680 |   8613 |   9 | 1224.8 |
        Temple |    158 |    135 |     23 |      0 |    111 |   1 |  158.0 |
          Lair |    149 |    149 |      0 |      0 |     99 |   1 |  149.0 |
               +--------+--------+--------+--------+--------+-----+--------+

Top non-repeatable levels by time:
     D:7: 1538 daAuts
     D:1: 1535 daAuts
     D:8: 1356 daAuts
     D:9: 1295 daAuts
     D:5: 1223 daAuts
     D:2: 1176 daAuts
     D:3: 1059 daAuts
     D:4: 978 daAuts
     D:6: 859 daAuts
  Temple: 158 daAuts
  Lair:1: 149 daAuts
